[Event "USA-ch Juniors 2018"]
[Site "Saint Louis"]
[Date "2018.07.14"]
[Round "3"]
[White "Patel, Advait"]
[Black "Liang, Awonder"]
[Result "1/2-1/2"]
[ECO "C54"]
[WhiteElo "2461"]
[BlackElo "2569"]
[Annotator "ChessBase"]
[PlyCount "60"]
[EventDate "2018.07.12"]
[EventType "tourn"]
[EventCountry "USA"]
[SourceTitle "playchess.com"]
[Source "ChessBase"]
[SourceQuality "1"]
[TimeControl "40/5400+30:1800+30"]

1. e4 e5 2. Nf3 Nc6 3. Bc4 Bc5 4. c3 Nf6 5. d3 d6 6. Bb3 Bb6 7. Nbd2 Ne7 8. Nc4 Ng6 9. O-O O-O 10. Re1 Be6 11. Nxb6 Bxb3 12. axb3 axb6 13. Rxa8 Qxa8 14. Bg5 Qd8 15. Nh4 Re8 16. Qf3 h6 17. Bxf6 Nxh4 18. Bxh4 Qxh4 19. Ra1 Qg5 20. Qe3 Qe7 21. Ra7 Rb8 22. g3 Qd8 23. d4 Ra8 24. Rxa8 Qxa8 25. dxe5 dxe5 26. Qd2 c6 27. Kg2 f6 28. Qd7 Qa2 29. Qc8+ Kh7 30. Qf5+ Kh8 1/2-1/2